Workbook

Sheet Rate History
B1: =INPUT!$C$3 -> Albemarle County
B2: =INPUT!$D$11 -> RFP#<######>
B3: =INPUT!$C$23 -> Medical/Drug
B4: Rate History - Monthly Rates
B8: =INPUT!C16 -> Medical/Rx | E8: Enrollment | G8: =INPUT!D8 -> 46023 | H8: =EDATE(G8,-12) -> 45658 | I8: =EDATE(H8,-12) -> 45292 | J8: =EDATE(I8,-12) -> 44927
B9: =INPUT!$C$3 -> Albemarle County
C10: Base ASO Fee | E10: =SUM(E19,E28,E37,E46) -> 3348 | G10: 28.15
C12: Specific Stop Loss Deductible | G12: 450000 | H12: 400000 | I12: 400000
C13: Specific Stop Loss Fee | E13: =SUM(E19,E28,E37,E46) -> 3348 | G13: 93.77 | H13: 91.07
C18: Plan Name | E18: PPO
C19: TOTAL | E19: =SUM(E20:E25) -> 1745
B20: Premiums | C20: =INPUT!$C$123 -> Subscriber Only | E20: =INPUT!D182 -> 847
C21: =INPUT!$C$124 -> Subscriber + Spouse | E21: =INPUT!D183 -> 167
C22: =INPUT!$C$125 -> Subscriber + Child | E22: =INPUT!D184 -> 243
C23: =INPUT!$C$126 -> Subscriber + Child(ren) | E23: =INPUT!D185 -> 218
C24: =INPUT!$C$127 -> Family | E24: =INPUT!D186 -> 270
C25: =INPUT!$C$128 -> Medicare
C27: Plan Name | E27: HDHP
C28: TOTAL | E28: =SUM(E29:E34) -> 1117
B29: Premiums | C29: =INPUT!$C$123 -> Subscriber Only | E29: =INPUT!F182 -> 654
C30: =INPUT!$C$124 -> Subscriber + Spouse | E30: =INPUT!F183 -> 81
C31: =INPUT!$C$125 -> Subscriber + Child | E31: =INPUT!F184 -> 99
C32: =INPUT!$C$126 -> Subscriber + Child(ren) | E32: =INPUT!F185 -> 135
C33: =INPUT!$C$127 -> Family | E33: =INPUT!F186 -> 148
C34: =INPUT!$C$128 -> Medicare
C36: Plan Name | E36: POS
C37: TOTAL | E37: =SUM(E38:E43) -> 486
B38: Premiums | C38: =INPUT!$C$123 -> Subscriber Only | E38: {=INPUT!H182:H186} -> 263
C39: =INPUT!$C$124 -> Subscriber + Spouse | E39: 24
C40: =INPUT!$C$125 -> Subscriber + Child | E40: 44
C41: =INPUT!$C$126 -> Subscriber + Child(ren) | E41: 76
C42: =INPUT!$C$127 -> Family | E42: 79
C43: =INPUT!$C$128 -> Medicare
C45: Plan Name
C46: TOTAL | E46: =SUM(E47:E52) -> 0
B47: Premiums | C47: =INPUT!$C$123 -> Subscriber Only
C48: =INPUT!$C$124 -> Subscriber + Spouse
C49: =INPUT!$C$125 -> Subscriber + Child
C50: =INPUT!$C$126 -> Subscriber + Child(ren)
C51: =INPUT!$C$127 -> Family
C52: =INPUT!$C$128 -> Medicare

Sheet INPUT
B1: Key: | C1: Internal Inputs (Bolton) | D1: Bidder Inputs | K1: Internal Instructions
K2: -Hide this worksheet before releasing to Market
B3: Group Name: | C3: Albemarle County | D3: Group Abbreviation: | E3: <Abbreviation> | F3: Additional Group Name: | G3: <Other Group Name>
B5: Sub-Groups: | C5: <Sub-group 1> | D5: <Sub-group 2> | E5: <Sub-group 3> | F5: <Sub-group 4> | G5: <Sub-group 5> | S5: TF | T5: Technical Proposal Form
S6: FF | T6: Financial Proposal Form
C7: Effective Date (MM/DD/YYY) | D7: Current YTD | E7: Prior Year 1 | F7: Prior Year 2 | S7: PF | T7: Price Proposal Form
B8: Plan Years: | C8: 46753 | D8: 46023 | E8: 45658 | F8: 45292
D10: Final For Reference
B11: RFP# | C11: <######> | D11: =B11&C11 -> RFP#<######>
B13: Proposal Form Type: | C13: Technical Proposal | D13: Price Proposal | K13: Internal Checklist:
F14: Rate Guarantee: | K14: Is everything printer friendly
B15: Benefit Coverage / Services: | F15: Years | K15: Group Name Changed
B16: Benefit Name 1 | C16: Medical/Rx | F16: 3 | G16: Three | K16: Worksheet Forms coordinate with name of Worksheet Tab Name
B17: Benefit Name 2 | F17: 3 | G17: Three | K17: Worksheet Form coordinates with table of contents and specific questions referencing Worksheet Form
B18: Benefit Name 3 | F18: 3 | G18: Three | K18: Sheets are protected
B19: Benefit Name 4 | C19: Medical | F19: 3 | G19: Three
B20: Benefit Name 5 | C20: Drug | F20: 3 | G20: Three | K20: Roboto Font
B21: Benefit Name 6 | C21: Stop-Loss
B23: Final For Reference | C23: Medical/Drug | E23: Final For Reference | F23: =G16&" ("&F16&")"&" Years" -> Three (3) Years
B35: Applicable Coverages | C35: Proposal Form | D35: # | E35: Name | F35: Final For Reference (Worksheet Name) | G35: Worksheet Tab
B36: ~ | C36: ~ | D36: ~ | E36: ~ | F36: ~ | G36: ~
B37: ALL | C37: Technical | D37: 1.0 | E37: General Questionnaire | F37: =C37&" Proposal Form "&D37&" - "&E37 -> Technical Proposal Form 1.0 - General Questionnaire | G37: =LEFT(C37,1)&"F "&D37 -> TF 1.0
B38: ALL | C38: Technical | D38: 1.1 | E38: Client Specific Questionnaire | F38: =C38&" Proposal Form "&D38&" - "&E38 -> Technical Proposal Form 1.1 - Client Specific Questionnaire | G38: =LEFT(C38,1)&"F "&D38 -> TF 1.1
B39: ALL | C39: Financial | D39: 10.0 | E39: Performance Guarantees | F39: =C39&" Proposal Form "&D39&" - "&E39 -> Financial Proposal Form 10.0 - Performance Guarantees | G39: =LEFT(C39,1)&"F "&D39 -> FF 10.0
B40: ALL | C40: Technical | D40: 6.0 | E40: Deviations | F40: =C40&" Proposal Form "&D40&" - "&E40 -> Technical Proposal Form 6.0 - Deviations | G40: =LEFT(C40,1)&"F "&D40 -> TF 6.0
B41: ALL | C41: Technical | D41: 7.0 | E41: Key Differentiators | F41: =C41&" Proposal Form "&D41&" - "&E41 -> Technical Proposal Form 7.0 - Key Differentiators | G41: =LEFT(C41,1)&"F "&D41 -> TF 7.0
B42: ALL | C42: Technical | D42: 8.0 | E42: References | F42: =C42&" Proposal Form "&D42&" - "&E42 -> Technical Proposal Form 8.0 - References | G42: =LEFT(C42,1)&"F "&D42 -> TF 8.0
F43: =C43&" Proposal Form "&D43&" - "&E43 -> Proposal Form - | G43: =LEFT(C43,1)&"F "&D43 -> F
B44: MED | C44: Technical | D44: 1.2 | E44: Medical Questionnaire | F44: =C44&" Proposal Form "&D44&" - "&E44 -> Technical Proposal Form 1.2 - Medical Questionnaire | G44: =LEFT(C44,1)&"F "&D44 -> TF 1.2
B45: MED | C45: Technical | D45: 5.0 | E45: Proposed Medical Plan Design | F45: =C45&" Proposal Form "&D45&" - "&E45 -> Technical Proposal Form 5.0 - Proposed Medical Plan Design | G45: =LEFT(C45,1)&"F "&D45 -> TF 5.0
B46: MED | C46: Technical | D46: 2.0 | E46: Medical Geo Access | F46: =C46&" Proposal Form "&D46&" - "&E46 -> Technical Proposal Form 2.0 - Medical Geo Access | G46: =LEFT(C46,1)&"F "&D46 -> TF 2.0
B47: MED | C47: Technical | D47: 3.0 | E47: Medical Providers by County | F47: =C47&" Proposal Form "&D47&" - "&E47 -> Technical Proposal Form 3.0 - Medical Providers by County | G47: =LEFT(C47,1)&"F "&D47 -> TF 3.0
B48: MED | C48: Technical | D48: 3.1 | E48: Medical Providers by County HDHP | F48: =C48&" Proposal Form "&D48&" - "&E48 -> Technical Proposal Form 3.1 - Medical Providers by County HDHP | G48: =LEFT(C48,1)&"F "&D48 -> TF 3.1
B49: MED | C49: Technical | D49: 3.2 | E49: Medical Providers by County POS | F49: =C49&" Proposal Form "&D49&" - "&E49 -> Technical Proposal Form 3.2 - Medical Providers by County POS | G49: =LEFT(C49,1)&"F "&D49 -> TF 3.2
B50: MED | C50: Technical | D50: 4.0 | E50: Top Non-Facility Providers | F50: =C50&" Proposal Form "&D50&" - "&E50 -> Technical Proposal Form 4.0 - Top Non-Facility Providers | G50: =LEFT(C50,1)&"F "&D50 -> TF 4.0
B51: MED | C51: Technical | D51: 4.1 | E51: Top Non-Facility Providers HDHP | F51: =C51&" Proposal Form "&D51&" - "&E51 -> Technical Proposal Form 4.1 - Top Non-Facility Providers HDHP | G51: =LEFT(C51,1)&"F "&D51 -> TF 4.1
B52: MED | C52: Technical | D52: 4.2 | E52: Top Non-Facility Providers POS | F52: =C52&" Proposal Form "&D52&" - "&E52 -> Technical Proposal Form 4.2 - Top Non-Facility Providers POS | G52: =LEFT(C52,1)&"F "&D52 -> TF 4.2
B53: MED | C53: Technical | D53: 4.1 | E53: Top Facility Providers | F53: =C53&" Proposal Form "&D53&" - "&E53 -> Technical Proposal Form 4.1 - Top Facility Providers | G53: =LEFT(C53,1)&"F "&D53 -> TF 4.1
B54: MED | C54: Technical | D54: 4.3 | E54: Top Facility Providers HDHP | F54: =C54&" Proposal Form "&D54&" - "&E54 -> Technical Proposal Form 4.3 - Top Facility Providers HDHP | G54: =LEFT(C54,1)&"F "&D54 -> TF 4.3
B55: MED | C55: Technical | D55: 4.3 | E55: Top Facility Providers POS | F55: =C55&" Proposal Form "&D55&" - "&E55 -> Technical Proposal Form 4.3 - Top Facility Providers POS | G55: =LEFT(C55,1)&"F "&D55 -> TF 4.3
... B57: MED | C57: Technical | D57: 2.2 | E57: Medical Geo Access POS | F57: =C57&" Proposal Form "&D57&" - "&E57 -> Technical Proposal Form 2.2 - Medical Geo Access POS | G57: =LEFT(C57,1)&"F "&D57 -> TF 2.2
F58: =C58&" Proposal Form "&D58&" - "&E58 -> Proposal Form - | G58: =LEFT(C58,1)&"F "&D58 -> F
F59: =C59&" Proposal Form "&D59&" - "&E59 -> Proposal Form - | G59: =LEFT(C59,1)&"F "&D59 -> F
B60: MED | C60: Financial | D60: 2.0 | E60: Medical Self-Funded ASO Fees | F60: =C60&" Proposal Form "&D60&" - "&E60 -> Financial Proposal Form 2.0 - Medical Self-Funded ASO Fees
B61: MED | C61: Financial | D61: 2.1 | E61: Care Management Programs | F61: =C61&" Proposal Form "&D61&" - "&E61 -> Financial Proposal Form 2.1 - Care Management Programs | G61: =LEFT(C61,1)&"F "&D61 -> FF 2.1
B62: MED | C62: Financial | D62: 2.2 | E62: Medical Premium Equivalent Rates | F62: =C62&" Proposal Form "&D62&" - "&E62 -> Financial Proposal Form 2.2 - Medical Premium Equivalent Rates | G62: =LEFT(C62,1)&"F "&D62 -> FF 2.2
B63: MED | C63: Financial | D63: 3.0 | E63: Medical Fully-Insured Premiums | F63: =C63&" Proposal Form "&D63&" - "&E63 -> Financial Proposal Form 3.0 - Medical Fully-Insured Premiums | G63: =LEFT(C63,1)&"F "&D63 -> FF 3.0
B64: MED | C64: Financial | D64: 4.1 | E64: Medical Repricing Summary Analysis | F64: =C64&" Proposal Form "&D64&" - "&E64 -> Financial Proposal Form 4.1 - Medical Repricing Summary Analysis | G64: =LEFT(C64,1)&"F "&D64 -> FF 4.1
B65: MED | C65: Financial | D65: 5.0 | E65: Top CPT Pricing by Zip Codes (Allowed) | F65: =C65&" Proposal Form "&D65&" - "&E65 -> Financial Proposal Form 5.0 - Top CPT Pricing by Zip Codes (Allowed) | G65: =LEFT(C65,1)&"F "&D65 -> FF 5.0
B66: MED | C66: Financial | D66: 5.1 | E66: Top CPT Pricing by Zip Codes (Billed) | F66: =C66&" Proposal Form "&D66&" - "&E66 -> Financial Proposal Form 5.1 - Top CPT Pricing by Zip Codes (Billed) | G66: =LEFT(C66,1)&"F "&D66 -> FF 5.1
B67: MED | C67: Financial | D67: 1.0 | E67: Medical Questionnaire | F67: =C67&" Proposal Form "&D67&" - "&E67 -> Financial Proposal Form 1.0 - Medical Questionnaire | G67: =LEFT(C67,1)&"F "&D67 -> FF 1.0
B68: MED | C68: Financial | D68: 6.0 | E68: Average Medical Discount by Product | F68: =C68&" Proposal Form "&D68&" - "&E68 -> Financial Proposal Form 6.0 - Average Medical Discount by Product | G68: =LEFT(C68,1)&"F "&D68 -> FF 6.0
F69: =C69&" Proposal Form "&D69&" - "&E69 -> Proposal Form - | G69: =LEFT(C69,1)&"F "&D69 -> F
F70: =C70&" Proposal Form "&D70&" - "&E70 -> Proposal Form - | G70: =LEFT(C70,1)&"F "&D70 -> F
F71: =C71&" Proposal Form "&D71&" - "&E71 -> Proposal Form - | G71: =LEFT(C71,1)&"F "&D71 -> F
F72: =C72&" Proposal Form "&D72&" - "&E72 -> Proposal Form - | G72: =LEFT(C72,1)&"F "&D72 -> F
F73: =C73&" Proposal Form "&D73&" - "&E73 -> Proposal Form - | G73: =LEFT(C73,1)&"F "&D73 -> F
F74: =C74&" Proposal Form "&D74&" - "&E74 -> Proposal Form - | G74: =LEFT(C74,1)&"F "&D74 -> F
F75: =C75&" Proposal Form "&D75&" - "&E75 -> Proposal Form - | G75: =LEFT(C75,1)&"F "&D75 -> F
F76: =C76&" Proposal Form "&D76&" - "&E76 -> Proposal Form - | G76: =LEFT(C76,1)&"F "&D76 -> F
F77: =C77&" Proposal Form "&D77&" - "&E77 -> Proposal Form - | G77: =LEFT(C77,1)&"F "&D77 -> F
F78: =C78&" Proposal Form "&D78&" - "&E78 -> Proposal Form - | G78: =LEFT(C78,1)&"F "&D78 -> F
F79: =C79&" Proposal Form "&D79&" - "&E79 -> Proposal Form - | G79: =LEFT(C79,1)&"F "&D79 -> F
F80: =C80&" Proposal Form "&D80&" - "&E80 -> Proposal Form - | G80: =LEFT(C80,1)&"F "&D80 -> F
... F99: =C99&" Proposal Form "&D99&" - "&E99 -> Proposal Form - | G99: =LEFT(C99,1)&"F "&D99 -> F
B106: For Geo Access Worksheet | D106: Top Zip Codes by Member Population
C107: 1 | D107: 2 | E107: 3 | F107: 4 | G107: 5 | H107: 6 | I107: 7
B108: County | C108: Albemarle | D108: Fluvana | E108: Greene | F108: Orange | G108: Waynesboro | H108: Nelson | I108: Augusta
B109: City | C109: Charolettesville | D109: Palmyra | E109: Ruckersville | F109: Barboursville | G109: Waynesboro | H109: Nellysford | I109: Verona
B110: State | C110: VA | D110: VA | E110: VA | F110: VA | G110: VA | H110: VA | I110: VA
B111: 3 digit zip codes | C111: 229 | D111: 229 | E111: 229 | F111: 229 | G111: 229 | H111: 229 | I111: 244
B112: Combined (City and State) | C112: =C109&", "&C110 -> Charolettesville, VA | D112: =D109&", "&D110 -> Palmyra, VA | E112: =E109&", "&E110 -> Ruckersville, VA | F112: =F109&", "&F110 -> Barboursville, VA | G112: =G109&", "&G110 -> Waynesboro, VA | H112: =H109&", "&H110 -> Nellysford, VA | I112: =I109&", "&I110 -> Verona, VA
B113: Combined (County and State) | C113: =C108&", "&C110 -> Albemarle, VA | D113: =D108&", "&D110 -> Fluvana, VA | E113: =E108&", "&E110 -> Greene, VA | F113: =F108&", "&F110 -> Orange, VA | G113: =G108&", "&G110 -> Waynesboro, VA | H113: =H108&", "&H110 -> Nelson, VA | I113: =I108&", "&I110 -> Augusta, VA
D117: Plan 1 | F117: Plan 2 | H117: Plan 3 | J117: Plan 4
C118: Current Plan Names | D118: PPO | F118: HDHP | H118: POS | J118: Plan D
C119: Funding Arrangement | D119: Self-Insured | F119: Self-Insured | H119: Self-Insured | J119: <Select or Enter>
Q121: For Dropdown
B122: Totals | C122: Enrollment | D122: =C122 -> Enrollment | F122: =D122 -> Enrollment | H122: =F122 -> Enrollment | J122: =H122 -> Enrollment | Q122: Coverage Tiers
C123: Subscriber Only | D123: ='Rate History'!E20 -> 847 | E123: Subscriber Only | F123: ='Rate History'!E29 -> 654 | G123: Subscriber Only | H123: ='Rate History'!E38 -> 263 | I123: Subscriber Only | J123: <Enter #> | Q123: Subscriber Only
C124: Subscriber + Spouse | D124: ='Rate History'!E21 -> 167 | E124: Subscriber + Spouse | F124: ='Rate History'!E30 -> 81 | G124: Subscriber + Spouse | H124: ='Rate History'!E39 -> 24 | I124: Subscriber + Spouse | J124: <Enter #> | Q124: Subscriber + Spouse
C125: Subscriber + Child | D125: ='Rate History'!E22 -> 243 | E125: Subscriber + Child | F125: ='Rate History'!E31 -> 99 | G125: Subscriber + Child | H125: ='Rate History'!E40 -> 44 | I125: Subscriber + Child | J125: <Enter #> | Q125: Subscriber + Child
C126: Subscriber + Child(ren) | D126: ='Rate History'!E23 -> 218 | E126: Subscriber + Child(ren) | F126: ='Rate History'!E32 -> 135 | G126: Subscriber + Child(ren) | H126: ='Rate History'!E41 -> 76 | I126: Subscriber + Child(ren) | J126: <Enter #> | Q126: Subscriber + Child(ren)
C127: Family | D127: ='Rate History'!E24 -> 270 | E127: Family | F127: ='Rate History'!E33 -> 148 | G127: Family | H127: ='Rate History'!E42 -> 79 | I127: Family | J127: <Enter #> | Q127: Family
C128: Medicare | D128: <Enter #> | F128: <Enter #> | G128: Medicare | H128: <Enter #> | I128: Medicare | J128: <Enter #> | Q128: Medicare
B130: =SUM(C130:K130) -> 3348 | D130: =SUM(D123:D129) -> 1745 | F130: =SUM(F123:F129) -> 1117 | H130: =SUM(H123:H129) -> 486 | J130: =SUM(J123:J129) -> 0
C132: CURRENT Rates | D132: =C132 -> CURRENT Rates | F132: =D132 -> CURRENT Rates | H132: =F132 -> CURRENT Rates | J132: =H132 -> CURRENT Rates
C133: =C123 -> Subscriber Only | E133: =E123 -> Subscriber Only | G133: =G123 -> Subscriber Only | I133: =I123 -> Subscriber Only
C134: =C124 -> Subscriber + Spouse | E134: =E124 -> Subscriber + Spouse | G134: =G124 -> Subscriber + Spouse | I134: =I124 -> Subscriber + Spouse
C135: =C125 -> Subscriber + Child | E135: =E125 -> Subscriber + Child | G135: =G125 -> Subscriber + Child | I135: =I125 -> Subscriber + Child
C136: =C126 -> Subscriber + Child(ren) | E136: =E126 -> Subscriber + Child(ren) | G136: =G126 -> Subscriber + Child(ren) | I136: =I126 -> Subscriber + Child(ren)
C137: =C127 -> Family | E137: =E127 -> Family | G137: =G127 -> Family | I137: =I127 -> Family
C138: =C128 -> Medicare | E138: =E128 -> 0 | G138: =G128 -> Medicare | I138: =I128 -> Medicare
B142: For CPT Pricing Bidforms
B143: Top CPT costs by Zip Codes
C145: ZipCode | D145: 3-Digit Zip | E145: Final For Reference
B146: 1 | C146: 229 | D146: =LEFT(C146,3)&"xx" -> 229xx | E146: =D146 -> 229xx
B147: 2 | C147: 232 | D147: =LEFT(C147,3)&"xx" -> 232xx | E147: =D147 -> 232xx
B148: 3 | C148: 201 | D148: =LEFT(C148,3)&"xx" -> 201xx | E148: =D148 -> 201xx
B149: 4 | C149: 245 | D149: =LEFT(C149,3)&"xx" -> 245xx | E149: =D149 -> 245xx
B150: 5 | C150: 272 | D150: =LEFT(C150,3)&"xx" -> 272xx | E150: =D150 -> 272xx
...

Sheet Instructions & Info
B1: =INPUT!$C$3 -> Albemarle County
B2: =INPUT!$D$11 -> RFP#<######>
B3: =INPUT!$C$23 -> Medical/Drug
B4: Instructions
B6: Please Read:
B7: NOTICE: | C7: You must read these instructions in full and confirm you have read and understand them by entering your name and date in the appropriate fields at the bottom of this spreadsheet.
B8: Instructions: | C8: ="The following Proposal Forms in this workbook will be used to gather vendor responses in regards to your capabilities to provide the required services of this RFP to "&$B$1&". Your responses will be compared and evaluated against the other vendors' responses. " -> The following Proposal Forms in this workbook will be used to gather vendor responses in regards to your capabilities to provide the required services of this RFP to Albemarle County. Your responses will be compared and evaluated against the other vendors' responses.
C9: Please do not modify the tabs. Modifying the tabs or layout may eliminate your company from consideration. Please do not: - Add or Delete Cells - Renumber or Add Questions - Delete Questions - If you cannot respond to a question please just note - 'No Response Available' or 'N/A'. Responses to questions should be brief and concise. 'Yes' or 'No' responses are encouraged when appropriate within the dropdown menu. The maximum amount of characters for a response is 500.
B10: Hold Harmless Agreement | C10: Vendor shall indemnify and hold harmless the Client, its respective directors, officers, employees (acting in the course of their employment, but not as claimants) and agents, against any and all liability or expense (including the cost of legal defense or settlement) which was caused by (vendor’s) negligent or intentional misconduct, breach of this Agreement, fraud, or its breach of fiduciary responsibility, related to or arising out of this Agreement or the Client’s role as employer or Plan sponsor. The party seeking indemnification under (a) above must notify the indemnifying party promptly in writing of any actual or threatened action, suit or proceeding to which it claims such indemnity applies. Failure to notify the indemnifying party shall be deemed a waiver of the right to seek indemnification. The party seeking indemnification may assume responsibility for the direction of its own defense at any time, including the right to settle or compromise any claim against it without the consent of the indemnifying party, provided that in doing so it shall be deemed to have waived its right to indemnification except in cases where the indemnifying party has declined to defend against the claim. The indemnification obligations of (vendor) shall terminate upon the expiration of the Agreement except as to any matter concerning which a claim has been asserted by notice to the other party at the time of such expiration or within 365 days after effective date of Agreement termination.
B11: RFP Information
B12: RFP Coverages: | C12: =INPUT!$C$23 -> Medical/Drug
B13: Effective Date for all Lines: | C13: =INPUT!$C$8 -> 46753
B14: Current Carrier(s): | C14: Coverage | D14: Carrier Name
C15: Medical | D15: Anthem
C16: Rx | D16: Anthem
C17: Clinical Programs / Point Solutions | D17: CareATC
C18: HRIS / Benefits Administrator | D18: ADP
B19: Current Plans: | C19: PPO
C20: HDHP
C21: POS
B27: Proposed Plans: | C27: PPO
C28: HDHP
C29: POS
B35: Proposed Fee Guarantee: | C35: =INPUT!F23 -> Three (3) Years
B36: Notes:
B37: Current Commissions:
B38: Requested Commissions:
B39: RFP Timeline: | C39: Activity | D39: Date
C40: RFP Released | D40: 46297
C41: Deadline to submit questions | D41: 46336
C42: Addendum with responses released to vendors | D42: 46338
C43: RFPs due | D43: 46343
C44: Bidder interviews conducted (Optional) | D44: 46447
C45: Evaluate Financial RFP Responses, Score and Select Finalists (if applicable) or winning Vendor | D45: 46472
C46: Request BAFO (if applicable)
C47: BAFO Due (if applicable)
C48: Evaluate BAFO, Finalize Analysis and Recommendations (if applicable)
C49: Select Vendor | D49: 46539
C50: Implementation (including Open Enrollment) | D50: 46568
C51: Effective Date | D51: =INPUT!$C$8 -> 46753
B52: Provided Data: | C52: Current plan documents: SBC/SPD as applicable - separate attachment | D52: Separate Attachment
C53: Census | D53: Separate Attachment
C54: Enrollment data | D54: Separate Attachment
C55: Claims data | D55: Separate Attachment
C56: Large claims data | D56: Separate Attachment
C57: Disruption data | D57: Within this File
B58: Disclaimer & Intent to Bid: | C58: By entering my name and date below I am confirming my firm's intent to bid, that I have read the above instructions in full regarding providing responses to the Questions in this workbook, and completion of the proposal forms. I also confirm our firm understands the information provided in this Request for Proposal and all attachments is confidential and proprietary and will only be used to prepare a proposal response.
B59: Company:
B60: Name:
B61: Date:
B63: LIST YOUR PROPOSED NETWORK(S) FOR THE PROPOSED COVERAGES
B64: Primary:
B65: Secondary: (if offering)

Sheet TF 1.0 GENERAL Q
B1: =INPUT!$C$3 -> Albemarle County
B2: =INPUT!$D$11 -> RFP#<######>
B3: =INPUT!$C$23 -> Medical/Drug
B4: =INPUT!F37 -> Technical Proposal Form 1.0 - General Questionnaire
B6: This Questionnaire is designed for you to answer specific questions regarding your organization and the services you are proposing. Please respond to these questions completely and accurately. Please choose from the drop down in the "Response" column when available and input your response in the "Additional Response" Section. Also provide attachments when applicable - see Attachments tab in this document for a full list of Attachments to submit with your proposal package.
E8: Bidder Name | F8: ='[1]Instructions & Info'!$C$60 -> 0
B10: # | C10: QUESTION | D10: ACTION | E10: RESPONSE | F10: ADDITIONAL RESPONSE | G10: Character Length
B11: ATTACHMENTS - Please provide the following as attachments to this technical RFP Response
B12: A | C12: Prepare a detailed schedule and time frame to implement this program by the effective date. Please indicate the implementation responsibilities of your organization and the client. Assume implementation will begin 120 days prior to the plan year effective date. | D12: Provide Attachment | E12: <Select One> | G12: =LEN(F12) -> 0
B13: B | C13: Attach a description of premium or administrative fee billing procedures. Include information on the timing of billing, billing-payment reconciliations and ability to provide for client self-billing. | D13: Provide Attachment | E13: <Select One> | G13: =LEN(F13) -> 0
B14: C | C14: Describe your criteria and process for network provider selection. | D14: Provide Attachment | E14: <Select One> | G14: =LEN(F14) -> 0
B15: ~ | C15: GENERAL QUESTIONS | G15: =LEN(F15) -> 0
B16: 1 | C16: Describe the ownership of your organization including any parent company and its location. | D16: Provide Response | E16: <Select One> | G16: =LEN(F16) -> 0
B17: =B16+1 -> 2 | C17: Will any services performed to support the client's plan be provided offshore? If yes, please describe and include location. | D17: Provide Response | E17: <Select One> | G17: =LEN(F17) -> 0
B18: =B17+1 -> 3 | C18: The client reserves the right to select independent auditors at any time with 90-day advanced notice. Net overpayments discovered during any audit must be refunded to the client regardless of whether the administrator can recoup payments from the employees and providers. Confirm you will comply with this request. | D18: Provide Response | E18: <Select One> | G18: =LEN(F18) -> 0
B19: =B18+1 -> 4 | C19: Is there a limit on the time period the client may request an audit (e.g. claims audits are limited to most recent prior two years from date of audit request)? | D19: Provide Response | E19: <Select One> | G19: =LEN(F19) -> 0
B20: =B19+1 -> 5 | C20: Regarding the client's data, describe how your company will use this data. Will any of the client data be shared with outside entities? Will you receive fees from anyone for use of this data? | D20: Provide Response | E20: <Select One> | G20: =LEN(F20) -> 0
B21: =B20+1 -> 6 | C21: Confirm ability to accept contract terms as outlined in shared sample contract as part of RFP release | D21: Provide Response | E21: <Select One> | G21: =LEN(F21) -> 0
B22: ~ | C22: COMPLIANCE/SECURITY | G22: =LEN(F22) -> 0
B23: =B20+1 -> 6 | C23: Are you planning any major technological changes (electronic or administrative) that you anticipate will provide significant value to the client in the next 24 months? Please provide details. | D23: Provide Response | E23: <Select One> | G23: =LEN(F23) -> 0
B24: =B23+1 -> 7 | C24: Has the claims department been audited by a third party for accuracy and/or security? | D24: Provide Response | E24: <Select One> | G24: =LEN(F24) -> 0
B25: =B24+1 -> 8 | C25: Is your organization in full compliance with all HIPAA regulations? | D25: Provide Response | E25: <Select One> | G25: =LEN(F25) -> 0
B26: ~ | C26: ACCOUNT/CLIENT SERVICE AND MANAGEMENT | G26: =LEN(F26) -> 0
B27: =B25+1 -> 9 | C27: Identify the Account Manager that will be assigned to the client. Include name, address, phone, title and role, as well as line of business if necessary. | G27: =LEN(F27) -> 0
C28: a. Name: | D28: Provide Response | E28: <Select One> | G28: =LEN(F28) -> 0
C29: b. Title: | D29: Provide Response | E29: <Select One> | G29: =LEN(F29) -> 0
C30: c. City/State: | D30: Provide Response | E30: <Select One> | G30: =LEN(F30) -> 0
C31: d. Phone: | D31: Provide Response | E31: <Select One> | G31: =LEN(F31) -> 0
C32: e. Email: | D32: Provide Response | E32: <Select One> | G32: =LEN(F32) -> 0
C33: f. Primary Role: | D33: Provide Response | E33: <Select One> | G33: =LEN(F33) -> 0
C34: g. How many accounts is the proposed team member responsible for? | D34: Provide Response | E34: <Select One> | G34: =LEN(F34) -> 0
B35: =B27+1 -> 10 | C35: Identify the Account Executive that will be assigned to the client. Include name, address, phone, title and role, as well as line of business if necessary. | G35: =LEN(F35) -> 0
C36: a. Name: | D36: Provide Response | E36: <Select One> | G36: =LEN(F36) -> 0
C37: b. Title: | D37: Provide Response | E37: <Select One> | G37: =LEN(F37) -> 0
C38: c. City/State: | D38: Provide Response | E38: <Select One> | G38: =LEN(F38) -> 0
C39: d. Phone: | D39: Provide Response | E39: <Select One> | G39: =LEN(F39) -> 0
C40: e. Email: | D40: Provide Response | E40: <Select One> | G40: =LEN(F40) -> 0
C41: f. Primary Role: | D41: Provide Response | E41: <Select One> | G41: =LEN(F41) -> 0
C42: g. How many accounts is the proposed team member responsible for? | D42: Provide Response | E42: <Select One> | G42: =LEN(F42) -> 0
C43: Please provide a full listing of proposed team members, inclusive of implementation, wellbeing, & member support | D43: Provide Response / Attachment | E43: <Select One> | G43: =LEN(F43) -> 0
B44: =B35+1 -> 11 | C44: How do you provide client support regarding changes in federal and state legislative events that require communication to their benefit plan participants? | D44: Provide Response | E44: <Select One> | G44: =LEN(F44) -> 0
B45: =B44+1 -> 12 | C45: Will you commit to have someone in attendance at a minimum of two times per year for Annual Open Enrollment and one other event as requested by the client? | D45: Provide Response | E45: <Select One> | G45: =LEN(F45) -> 0
B46: =B45+1 -> 13 | C46: Outline any additional enrollment support, engagement tools, limitation or restrictions and/or additional charges that apply. | D46: Provide Response | E46: <Select One> | G46: =LEN(F46) -> 0
B47: =B46+1 -> 14 | C47: Will you provide training to the client during implementation on your systems and reporting tools? | D47: Provide Response | E47: <Select One> | G47: =LEN(F47) -> 0
B48: =B47+1 -> 15 | C48: Will you agree to semi-annual meetings with the client to discuss plan performance, financial results, areas for improved savings, etc.? | D48: Provide Response | E48: <Select One> | G48: =LEN(F48) -> 0
B49: =B48+1 -> 16 | C49: Do you distribute client satisfaction surveys? If so, how often and what do you do with the results? Please provide a copy of the most recent member satisfaction survey and corporate results. | D49: Provide Response / Attachment | E49: <Select One> | G49: =LEN(F49) -> 0
B50: =B49+1 -> 17 | C50: Confirm which of the following capabilities you have to communicate with HR/Benefits staff via the Internet, specifically. Any additional costs associated with these services should be identified in your financial proposal. | G50: =LEN(F50) -> 0
C51: a. Enrollment/Eligibility update capabilities in real time | D51: Provide Response | E51: <Select One> | G51: =LEN(F51) -> 0
C52: b. View of detailed Member enrollment and eligibility records | D52: Provide Response | E52: <Select One> | G52: =LEN(F52) -> 0
C53: c. View of member claim status/EOBs | D53: Provide Response | E53: <Select One> | G53: =LEN(F53) -> 0
C54: d. Order ID Cards on behalf of members | D54: Provide Response | E54: <Select One> | G54: =LEN(F54) -> 0
C55: e. Email/chat with Customer Service/Claims Representatives | D55: Provide Response | E55: <Select One> | G55: =LEN(F55) -> 0
C56: f. Costs for services by provider and location (If applicable) | D56: Provide Response | E56: <Select One> | G56: =LEN(F56) -> 0
C57: g. General consumer health information | D57: Provide Response | E57: <Select One> | G57: =LEN(F57) -> 0
B58: =B50+1 -> 18 | C58: Confirm your ability to provide a custom microsite with the client-specific summaries, information about value added services, calculators, links to member portals, etc. | D58: Provide Response | E58: <Select One> | G58: =LEN(F58) -> 0
B59: ~ | C59: IMPLEMENTATION | G59: =LEN(F59) -> 0
B60: =B58+1 -> 19 | C60: Confirm you are able to implement the plan in 120 days and meet deadlines set forth in an agreed upon implementation schedule. | D60: Provide Response | E60: <Select One> | G60: =LEN(F60) -> 0
B61: =B60+1 -> 20 | C61: What is your timing for ID production for mailing prior to the effective plan year start date? | D61: Provide Response | E61: <Select One> | G61: =LEN(F61) -> 0
B62: =B61+1 -> 21 | C62: Confirm you are able to provide a custom microsite 45 days prior to effective date of contract | D62: Provide Response | E62: <Select One> | G62: =LEN(F62) -> 0
B63: =B62+1 -> 22 | C63: Confirm you are able to meet or exceed the client's subjective assessment of satisfaction with program implementation. | D63: Provide Response | E63: <Select One> | G63: =LEN(F63) -> 0
B64: 23 | C64: Confirm your ability to partner with the client's HRIS & Benefits Administration platforms | D64: Provide Response | E64: <Select One> | G64: =LEN(F64) -> 0
B65: ~ | C65: ELIGIBILITY/DATA | G65: =LEN(F65) -> 0
B66: =B64+1 -> 24 | C66: Provide a sample file layout and specifications | D66: Provide Attachment | E66: <Select One> | G66: =LEN(F66) -> 0
B67: =B66+1 -> 25 | C67: Identify the average number of business days required to update your eligibility system following receipt of “clean” data file from the client. How quickly is eligibility information available in the system once you receive it? | D67: Provide Response | E67: <Select One> | G67: =LEN(F67) -> 0
B68: =B67+1 -> 26 | C68: Confirm you agree to notify the client within 90-180 days of any required file spec changes, vendor pgp encryption code, file server changes, etc. (minor file spec changes within 90 days. Major file spec changes within 180 days). | D68: Provide Response | E68: <Select One> | G68: =LEN(F68) -> 0
B69: =B68+1 -> 27 | C69: Please describe your process for resolving eligibility discrepancies. | D69: Provide Response | E69: <Select One> | G69: =LEN(F69) -> 0
B70: =B69+1 -> 28 | C70: Can you provide real-time online eligibility access for the client to perform immediate emergency enrollment additions to the plan? If not, how will you handle urgent enrollments? | D70: Provide Response | E70: <Select One> | G70: =LEN(F70) -> 0
B71: =B70+1 -> 29 | C71: How long after a member is loaded into the real-time system are ID cards available? | D71: Provide Response | E71: <Select One> | G71: =LEN(F71) -> 0
B72: =B71+1 -> 30 | C72: Confirm that you have your own testing environment that allows the client to upload the eligibility file and see any errors before the file is moved into production | D72: Provide Response | E72: <Select One> | G72: =LEN(F72) -> 0
B73: =B72+1 -> 31 | C73: Are you willing to offer a performance guarantee structured around successful partnering/interface with the client's other program vendors (specific measure/guarantee to be determined during finalist interviews)? | D73: Provide Response | E73: <Select One> | G73: =LEN(F73) -> 0
B74: =B73+1 -> 32 | C74: Confirm that you will not charge fees for the provision of monthly raw claims and eligibility files to Bolton and/or its duly authorized subcontractors. | D74: Provide Response | E74: <Select One> | G74: =LEN(F74) -> 0
B75: =B74+1 -> 33 | C75: Confirm your willingness to partner with and/or exchange data with the client's other healthcare vendors, 3rd party Health Centers and 3rd party analytics platforms as necessary to maintain continuity among the plans offered by the client. | D75: Provide Response | E75: <Select One> | G75: =LEN(F75) -> 0
B76: =B75+1 -> 34 | C76: Confirm the client retains ownership of all health plan data including but not limited to information relating to claims and eligibility and enrollment information. | D76: Provide Response | E76: <Select One> | G76: =LEN(F76) -> 0
B77: =B76+1 -> 35 | C77: Confirm client retains final right as approver for all eligibility determinations. | D77: Provide Response | E77: <Select One> | G77: =LEN(F77) -> 0
B78: =B77+1 -> 36 | C78: Please share process and ability to support eligibility changes including over-age dependents & notification process for Medicare eligible. | D78: Provide Response | E78: <Select One> | G78: =LEN(F78) -> 0
B79: ~ | C79: CLAIMS ADJUDICATION | G79: =LEN(F79) -> 0
B80: =B76+1 -> 35 | C80: Confirm that your claims system is fully compliant with HITECH requirements to the HIPAA regulations. | D80: Provide Response | E80: <Select One> | G80: =LEN(F80) -> 0
B81: =B80+1 -> 36 | C81: Where will your organization process claims? | D81: Provide Response | E81: <Select One> | G81: =LEN(F81) -> 0
B82: =B81+1 -> 37 | C82: Describe how you identify duplicate claims. | D82: Provide Response | E82: <Select One> | G82: =LEN(F82) -> 0
B83: =B82+1 -> 38 | C83: What processes or programs do you have in place (other than network discounts) that identify and result in claims cost savings? (e.g. unbundling, passive/silent network, OON claims negotiations, special pricing etc.) | D83: Provide Response | E83: <Select One> | G83: =LEN(F83) -> 0
B84: =B83+1 -> 39 | C84: Describe procedures in place to detect fraud, waste, and abuse for claims paid by your organization. | D84: Provide Response | E84: <Select One> | G84: =LEN(F84) -> 0
B85: =B84+1 -> 40 | C85: Confirm members will not have to submit in-network claims for reimbursement. | D85: Provide Response | E85: <Select One> | G85: =LEN(F85) -> 0
B86: =B85+1 -> 41 | C86: Confirm all in-network providers submit claims electronically. | D86: Provide Response | E86: <Select One> | G86: =LEN(F86) -> 0
B87: =B86+1 -> 42 | C87: How often do you audit the accuracy of plan program pricing and overall adjudication accuracy? Describe how this will be shared with the client. Please provide the results of your most recent audit. | D87: Provide Response / Attachment | E87: <Select One> | G87: =LEN(F87) -> 0
B88: =B87+1 -> 43 | C88: Confirm coordination of benefits data is updated at least annually. | D88: Provide Response | E88: <Select One> | G88: =LEN(F88) -> 0
B89: =B88+1 -> 44 | C89: What is your average claims backlog (in days)? | D89: Provide Response | E89: <Select One> | G89: =LEN(F89) -> 0
B90: =B89+1 -> 45 | C90: How do you determine the allowances you will use for non-network claims? | D90: Provide Response | E90: <Select One> | G90: =LEN(F90) -> 0
B91: =B90+1 -> 46 | C91: Describe your claims review process and is there flexibility in terms of client input? | D91: Provide Response | E91: <Select One> | G91: =LEN(F91) -> 0
B92: =B91+1 -> 47 | C92: Please provide your most recent claims processing performance statistics for the claims office/staff that you are proposing for the client | D92: Provide Response | E92: <Select One> | G92: =LEN(F92) -> 0
C93: a. Claims processing turnaround time for clean claims (in working days) | D93: Provide Response | E93: <Select One> | G93: =LEN(F93) -> 0
C94: b. Financial Accuracy % | D94: Provide Response | E94: <Select One> | G94: =LEN(F94) -> 0
C95: c. Coding Accuracy % | D95: Provide Response | E95: <Select One> | G95: =LEN(F95) -> 0
C96: d. Overall Processing Accuracy % | D96: Provide Response | E96: <Select One> | G96: =LEN(F96) -> 0
C97: e. Auto Adjudication rate % | D97: Provide Response | E97: <Select One> | G97: =LEN(F97) -> 0
C98: f. Measurement period of above statistics (Should be most recent available) | D98: Provide Response | E98: <Select One> | G98: =LEN(F98) -> 0
B99: ~ | C99: CUSTOMER SERVICE | G99: =LEN(F99) -> 0
B100: =B92+1 -> 48 | C100: Confirm the customer service office supporting Albemarle County is located in the United States. | D100: Provide Response | E100: <Select One> | G100: =LEN(F100) -> 0
B101: =B100+1 -> 49 | C101: Will there be a different location for after-hours service? If so, where? | D101: Provide Response | E101: <Select One> | G101: =LEN(F101) -> 0
B102: =B101+1 -> 50 | C102: What are the hours available to speak with a “live” representative? | D102: Provide Response | E102: <Select One> | G102: =LEN(F102) -> 0
B103: =B102+1 -> 51 | C103: What resources are available in the event of an emergency for seeking care and approving care after hours? | D103: Provide Response | E103: <Select One> | G103: =LEN(F103) -> 0
...

Sheet TF 1.2 MED Q
B1: =INPUT!$C$3 -> Albemarle County
B2: =INPUT!$D$11 -> RFP#<######>
B3: =INPUT!$C$23 -> Medical/Drug
B4: =INPUT!F37 -> Technical Proposal Form 1.0 - General Questionnaire
B6: This Questionnaire is designed for you to answer specific questions regarding your organization and the services you are proposing. Please respond to these questions completely and accurately. Please choose from the drop down in the "Response" column when available and input your response in the "Additional Response" Section. Also provide attachments when applicable.
E8: Bidder Name | F8: ='[1]Instructions & Info'!$C$60 -> 0
B10: # | C10: QUESTION | D10: ACTION | E10: RESPONSE | F10: ADDITIONAL RESPONSE | G10: Character Length
B11: ~ | C11: PLAN DESIGN | G11: =LEN(F11) -> 0
B12: 1 | C12: Confirm you can administer the current Medical/Rx Plan Designs as shown in the provided plan summaries. List any deviations from the current plan if the provisions can't be matched. | D12: Provide Response | E12: <Select One> | G12: =LEN(F12) -> 0
B13: ~ | C13: TELEMEDICINE | G13: =LEN(F13) -> 0
B14: =B12+1 -> 2 | C14: Do you offer Telemedicine Services? If yes, is there an added cost or is the program embedded in the medical plan? | D14: Provide Response | E14: <Select One> | G14: =LEN(F14) -> 0
B15: =B14+1 -> 3 | C15: Can you administer different telemedicine copays depending if the televisit is with a network PCP/Specialist vs. a 3rd party telemedicine Provider? | D15: Provide Response | E15: <Select One> | G15: =LEN(F15) -> 0
B16: =B15+1 -> 4 | C16: What is the cost of a 3rd party televisit for normal services? | D16: Provide Response | E16: <Select One> | G16: =LEN(F16) -> 0
B17: =B16+1 -> 5 | C17: Can you offer separate behavioral health (BH) televisits covered under the plan? If so, are these visits offered through a 3rd party telemedicine vendor, or by network providers (or both)? | D17: Provide Response | E17: <Select One> | G17: =LEN(F17) -> 0
B18: =B17+1 -> 6 | C18: What is the cost of a behavioral health televisit through the 3rd party telemedicine vendor? | D18: Provide Response | E18: <Select One> | G18: =LEN(F18) -> 0
B19: =B18+1 -> 7 | C19: Does the 3rd party telemedicine vendor offer any other type of telemedicine services? If so, what is the cost per visit for each type? | D19: Provide Response | E19: <Select One> | G19: =LEN(F19) -> 0
B20: =B19+1 -> 8 | C20: If a network PCP/Specialist offers televisits, are these visits billed at the same rate as an in-office visit or are these visits billed to the plan matching the 3rd party telemedicine vendor visit cost? | D20: Provide Response | E20: <Select One> | G20: =LEN(F20) -> 0
B21: =B20+1 -> 9 | C21: What initiatives, if any, do you have to encourage virtual PCP solutions? Is there any initiative to promote telemedicine services using your third party telemedicine vendor to drive savings from lower PCP visit costs? | D21: Provide Response | E21: <Select One> | G21: =LEN(F21) -> 0
B22: =B21+1 -> 10 | C22: Are there any initiatives to educate and equip PCPs in your network to offer virtual office visits and use remote patient monitoring devices? | D22: Provide Response | E22: <Select One> | G22: =LEN(F22) -> 0
B23: =B22+1 -> 11 | C23: Do you have initiatives to help members manage chronic conditions through a virtual environment to increase chronic member engagement? | D23: Provide Response | E23: <Select One> | G23: =LEN(F23) -> 0
B24: ~ | C24: REPORTING | G24: =LEN(F24) -> 0
B25: =B23+1 -> 12 | C25: Provide samples of your standard reporting package. Include samples for all product lines you are proposing. | D25: Provide Attachment | E25: <Select One> | G25: =LEN(F25) -> 0
B26: =B25+1 -> 13 | C26: Are all standard reports available on-line to the client's HR staff? | D26: Provide Response | E26: <Select One> | G26: =LEN(F26) -> 0
B27: =B26+1 -> 14 | C27: Please indicate the frequency of standard reporting, when it will regularly be available and the format in which it is provided. | D27: Provide Response | E27: <Select One> | G27: =LEN(F27) -> 0
B28: =B27+1 -> 15 | C28: Please confirm your standard reporting package will allow the client to do the following: | G28: =LEN(F28) -> 0
C29: a. Separate reports by the group and sub-groups (e.g. actives, retirees, COBRA, etc.) under each employer group | D29: Provide Response | E29: <Select One> | G29: =LEN(F29) -> 0
C30: b. Set custom ranges for current year or historical years (e.g., month, year, 6 mos. period) | D30: Provide Response | E30: <Select One> | G30: =LEN(F30) -> 0
C31: c. Separate reports at the benefit plan option level (e.g., HMO, PPO, Medicare Supplemental etc., and In-Network/Out-of-Network) | D31: Provide Response | E31: <Select One> | G31: =LEN(F31) -> 0
B32: =B28+1 -> 16 | C32: Describe your self-service access for any ad hoc reporting available to the Employer and the training available for using this system. | D32: Provide Response | E32: <Select One> | G32: =LEN(F32) -> 0
B33: =B32+1 -> 17 | C33: What analytical reports are provided to the Employer? Do these reports include benchmarking against groups similar in size, plan design, utilization and risk? | D33: Provide Response | E33: <Select One> | G33: =LEN(F33) -> 0
B34: =B33+1 -> 18 | C34: What analytical tools, reports and resources will be provided to the Employer to enable future strategic decision making about benefits, plan designs, contribution strategy, products, wellness and health management initiatives? | D34: Provide Response | E34: <Select One> | G34: =LEN(F34) -> 0
B35: ~ | C35: INNOVATION | G35: =LEN(F35) -> 0
B36: =B34+1 -> 19 | C36: Can you offer reference based pricing? | D36: Provide Response | E36: <Select One> | G36: =LEN(F36) -> 0
C37: a. Does the employer set the price for certain services, or do you offer an established network with set pricing? | D37: Provide Response | E37: <Select One> | G37: =LEN(F37) -> 0
C38: b. What is the pricing based on, a percentage of Medicare? What percentage of Medicare reimbursement levels are your referenced based pricing levels set? | D38: Provide Response | E38: <Select One> | G38: =LEN(F38) -> 0
B39: =B36+1 -> 20 | C39: Do you offer high performance networks and can you offer a plan design to incent members to use the HPN? Describe how your HPN works and provide any cost, ROI, etc. and what incentives a provider receives and what qualifies the provider as a high performance provider. | D39: Provide Response | E39: <Select One> | G39: =LEN(F39) -> 0
B40: =B39+1 -> 21 | C40: Confirm you are able to administer a shared savings program (includes incentives for utilizing cost efficient providers for select procedures). If you do not, will you subcontract with a vendor who can administer such a program? | D40: Provide Response | E40: <Select One> | G40: =LEN(F40) -> 0
B41: =B40+1 -> 22 | C41: Describe any initiatives to provide members with certain at home testing kits, including colon cancer, infectious diseases, etc. | D41: Provide Response | E41: <Select One> | G41: =LEN(F41) -> 0
B42: =B41+1 -> 23 | C42: Do you identify members with chronic conditions who also have a behavioral health condition? | D42: Provide Response | E42: <Select One> | G42: =LEN(F42) -> 0
B43: =B42+1 -> 24 | C43: Are any additional efforts made to engage these members? Please describe. | D43: Provide Response | E43: <Select One> | G43: =LEN(F43) -> 0
B44: =B43+1 -> 25 | C44: Do you offer patient centric digital solutions to assist members with making appointments, reminders to schedule preventive care appointments to help close gaps in care, using AI to offer education and resources for each members specific conditions? Please describe. | D44: Provide Response | E44: <Select One> | G44: =LEN(F44) -> 0
B45: ~ | C45: MENTAL HEALTH | G45: =LEN(F45) -> 0
B46: =B44+1 -> 26 | C46: Describe your organization’s approach to preventive behavioral health care services? | D46: Provide Response | E46: <Select One> | G46: =LEN(F46) -> 0
B47: =B46+1 -> 27 | C47: Who will administer mental health/substance abuse services for your firm? | D47: Provide Response | E47: <Select One> | G47: =LEN(F47) -> 0
B48: =B47+1 -> 28 | C48: How do you coordinate the care of co-morbidity cases that involve both health care and mental health care services? | D48: Provide Response | E48: <Select One> | G48: =LEN(F48) -> 0
B49: =B48+1 -> 29 | C49: Are services for professional mental health/substance abuse treatment capitated or fee-for-service? If capitated, indicate the fee with your financial quote. | D49: Provide Response | E49: <Select One> | G49: =LEN(F49) -> 0
B50: =B49+1 -> 30 | C50: Describe the process for obtaining referrals/approval for these benefits. Describe the level of professional training and credentialing for the plan representatives involved in the intake/screening process. | D50: Provide Response | E50: <Select One> | G50: =LEN(F50) -> 0
B51: =B50+1 -> 31 | C51: Identify the location of the customer service center for managed mental health assistance; normal hours of operation; access to help after hours for emergent and urgent care. | D51: Provide Response | E51: <Select One> | G51: =LEN(F51) -> 0
B52: =B51+1 -> 32 | C52: If Customer Service for Managed Mental Health is outsourced, or provided by a specialty unit within your organization, what is the CSR to member ratio for managed mental health representatives? | D52: Provide Response | E52: <Select One> | G52: =LEN(F52) -> 0
B53: =B52+1 -> 33 | C53: Describe the range of alternative behavioral health services provided by your program, including, residential treatment, partial hospitalization, halfway houses, intensive outpatient care, and home therapy. | D53: Provide Response | E53: <Select One> | G53: =LEN(F53) -> 0
B54: =B53+1 -> 34 | C54: Describe the network composition of behavioral health providers. Is there a multidisciplinary mixture of board-certified psychiatrists, independently licensed doctoral psychologists, and master's-level clinicians? | D54: Provide Response | E54: <Select One> | G54: =LEN(F54) -> 0
B55: =B54+1 -> 35 | C55: Does your network offer providers who specialize in working with first responders? Describe services/programs offered to First Responders. Describe providers who specialize in conditions like PTSD? | D55: Provide Response | E55: <Select One> | G55: =LEN(F55) -> 0
B56: =B55+1 -> 36 | C56: Describe your standards for the number and geographic distribution of behavioral healthcare practitioners; including, psychiatrists, psychologists, clinical social workers, psychiatric nurses, and other behavioral healthcare specialists. | D56: Provide Response | E56: <Select One> | G56: =LEN(F56) -> 0
B57: =B56+1 -> 37 | C57: Describe your standards for timeliness of routine and urgent care, behavioral healthcare appointments, and access to after-hours care. | D57: Provide Response | E57: <Select One> | G57: =LEN(F57) -> 0
B58: =B57+1 -> 38 | C58: Describe the protocols in place to handle emergency calls. | D58: Provide Response | E58: <Select One> | G58: =LEN(F58) -> 0
B59: =B58+1 -> 39 | C59: How does your organization coordinate care with primary care physicians (PCPs) or referring physicians, including: | D59: Provide Response | E59: <Select One> | G59: =LEN(F59) -> 0
C60: a. Providing information on diagnosis, treatment, and referral of behavioral healthcare disorders commonly seen in primary care. | D60: Provide Response | E60: <Select One> | G60: =LEN(F60) -> 0
C61: b. Care coordination when there is a mixed diagnosis (i.e., medical component and behavioral health component). | D61: Provide Response | E61: <Select One> | G61: =LEN(F61) -> 0
C62: c. Efforts to curb the inappropriate use of psychopharmacological medications and identification and management of adverse drug reactions? | D62: Provide Response | E62: <Select One> | G62: =LEN(F62) -> 0
B63: =B59+1 -> 40 | C63: Describe how your organization can integrate behavioral health with the client's current Employee Assistance Program provider? | D63: Provide Response | E63: <Select One> | G63: =LEN(F63) -> 0
B64: =B63+1 -> 41 | C64: Describe the utilization management programs in use for behavioral health care services. Include process for utilization management decision making and frequency of review, notification process for participants and providers, etc. | D64: Provide Response | E64: <Select One> | G64: =LEN(F64) -> 0
B65: =B64+1 -> 42 | C65: Describe your credentialing criteria and process. | D65: Provide Response | E65: <Select One> | G65: =LEN(F65) -> 0
B66: =B65+1 -> 43 | C66: What programs are available for adolescents and teens? | D66: Provide Response | E66: <Select One> | G66: =LEN(F66) -> 0
B67: ~ | C67: WELLNESS | G67: =LEN(F67) -> 0
B68: =B66+1 -> 44 | C68: Briefly describe your overall wellness philosophy, your partnership strategy with clients, willingness to provide designated staff support and/or offer a wellness budget. | D68: Provide Response | E68: <Select One> | G68: =LEN(F68) -> 0
B69: =B68+1 -> 45 | C69: What innovative wellness programs are included in this proposal under the administrative fee? | D69: Provide Response | E69: <Select One> | G69: =LEN(F69) -> 0
B70: =B69+1 -> 46 | C70: What innovative wellness programs are NOT included in this proposal and include the fee for the program. All fees should be provided in the Price Proposal. Indicate for each program, whether service provider network is local, regional or national. Smoking cessation, weight management, nutrition, etc. | D70: Provide Response | E70: <Select One> | G70: =LEN(F70) -> 0
B71: =B70+1 -> 47 | C71: Does your organization do targeted mailings and/or offer initiatives to people who have reached the age where they should be getting certain tests done (e.g. mammograms, colonoscopies)? | D71: Provide Response | E71: <Select One> | G71: =LEN(F71) -> 0
B72: =B71+1 -> 48 | C72: What do you believe are your competitive advantages? | D72: Provide Response | E72: <Select One> | G72: =LEN(F72) -> 0
B73: =B72+1 -> 49 | C73: Provide samples of the wellness management reports you would typically provide as part of your basic services. Indicate which reports are available online. | D73: Provide Attachment | E73: <Select One> | G73: =LEN(F73) -> 0
B74: ~ | C74: CARE MANAGEMENT | G74: =LEN(F74) -> 0
B75: =B73+1 -> 50 | C75: Please outline specific cost saving strategies that you would introduce to the Employer? How would you measure the results and savings? What timeframe would you expect to see positive results? | D75: Provide Response | E75: <Select One> | G75: =LEN(F75) -> 0
B76: =B75+1 -> 51 | C76: What are the key challenges when transitioning from another carrier’s disease management program to your program? | D76: Provide Response | E76: <Select One> | G76: =LEN(F76) -> 0
B77: =B76+1 -> 52 | C77: Do all programs interface with the claims systems to identify potential high risk or potential high cost members? If so, describe the timeliness and effectiveness of this interface. (i.e., describe the results of the system integration on the health risk status of members) | D77: Provide Response | E77: <Select One> | G77: =LEN(F77) -> 0
B78: =B77+1 -> 53 | C78: What is your organization’s accreditation status for Utilization Management (UM) and Case Management (CM)? | D78: Provide Response | E78: <Select One> | G78: =LEN(F78) -> 0
B79: =B78+1 -> 54 | C79: Does your predictive modeling identify risk status only, or does it identify future potential health issues to alert care management staff of opportunities for intervention to prevent major health care needs in the future? | D79: Provide Response | E79: <Select One> | G79: =LEN(F79) -> 0
B80: =B79+1 -> 55 | C80: Did your organization develop its own model or do you outsource this function? If outsourced, please identify the firm utilized. | D80: Provide Response | E80: <Select One> | G80: =LEN(F80) -> 0
B81: =B80+1 -> 56 | C81: What outcome measures do you use to quantify the success/effectiveness of your health management programs? Please provide sample client report(s) showing results of Case Management, Disease Management and other health management programs on a year-to-year comparison and against a benchmark. | D81: Provide Response / Attachment | E81: <Select One> | G81: =LEN(F81) -> 0
B82: =B81+1 -> 57 | C82: Do you capture and utilize lab/test results to identify members for participation in your Disease Management program? | D82: Provide Response | E82: <Select One> | G82: =LEN(F82) -> 0
B83: =B82+1 -> 58 | C83: What Network initiatives do you have in place to control medical costs? Do these network initiatives provide incentives/disincentives to providers for cost and quality measures? Describe the impact of the initiative at all stages of utilization – PCP, specialist, outpatient services, lab, diagnostic, X-ray, emergency and hospital. | D83: Provide Response | E83: <Select One> | G83: =LEN(F83) -> 0
B84: =B83+1 -> 59 | C84: What incentives are you able to offer members who trigger disease management or case management “flags”? Are you able to offer copay waivers, deductible waiver/reduction, variable copay/co-insurance? | D84: Provide Response | E84: <Select One> | G84: =LEN(F84) -> 0
B85: =B84+1 -> 60 | C85: Do you have the technical and administrative capabilities to offer an incentive program (e.g., either financial, rewards points, plan design differentials, etc.) to encourage CM / DM compliance? | D85: Provide Response | E85: <Select One> | G85: =LEN(F85) -> 0
B86: =B85+1 -> 61 | C86: What chronic condition management solutions are available to the client and include the cost of adding each of these services. | D86: Provide Response | E86: <Select One> | G86: =LEN(F86) -> 0
B87: =B86+1 -> 62 | C87: Do you offer a virtual MSK solution? if so, who is your vendor partner and what is the cost to add this solution? | D87: Provide Response | E87: <Select One> | G87: =LEN(F87) -> 0
... B93: =B92+1 -> 68 | C93: Confirm that if client uses data analytics to identify at-risk and emerging-risk members, your medical management team will work with Bolton and client to develop outreach and engagement solutions to improve engagement rates within the member population to manage and lower plan cost. | D93: Provide Response | E93: <Select One> | G93: =LEN(F93) -> 0
B94: ~ | C94: Third Party Analytics Solution | G94: =LEN(F94) -> 0
B95: =B92+1 -> 68 | C95: Please confirm your willingness to partner with the third-party data analytics platform, Switchbridge. | D95: Provide Response | E95: <Select One> | G95: =LEN(F95) -> 0
B96: =B95+1 -> 69 | C96: From the time of request to the time of data sharing, how long is your typical set-up and implementation process? | D96: Provide Response | E96: <Select One> | G96: =LEN(F96) -> 0
B97: =B96+1 -> 70 | C97: What does the contracting process entail for data sharing, specifically with subcontractors, and client approved/directed point solutions and analytics? | D97: Provide Response | E97: <Select One> | G97: =LEN(F97) -> 0
B98: =B97+1 -> 71 | C98: Please include a standard BAA or DSA template for between your organization and a third-party data analytics platform. | D98: Provide Response | E98: <Select One> | G98: =LEN(F98) -> 0
B99: =B98+1 -> 72 | C99: Please provide a standard layout for eligibility, medical and claims or are you able to create outputs in a format that we provide. If you have a standard data layout that you have available, please provide sample, along with a data dictionary, for our review. | D99: Provide Response / Attachment | E99: <Select One> | G99: =LEN(F99) -> 0
B100: =B99+1 -> 73 | C100: What frequency of data transfer is available for eligibility, medical and claims data? | D100: Provide Response | E100: <Select One> | G100: =LEN(F100) -> 0
B101: =B100+1 -> 74 | C101: Confirm you will provide all claims data (medical, including behavioral Health and Rx). | D101: Provide Response | E101: <Select One> | G101: =LEN(F101) -> 0
B102: =B101+1 -> 75 | C102: How are changes in group structures over time communicated to your partners (e.g. as plan years change and plan codes evolve, how are partners made aware)? | D102: Provide Response | E102: <Select One> | G102: =LEN(F102) -> 0
B103: =B102+1 -> 76 | C103: When you are providing data outputs, is there a dedicated contact that is assigned to a partner or is a team used? | D103: Provide Response | E103: <Select One> | G103: =LEN(F103) -> 0
B104: =B103+1 -> 77 | C104: How frequently (e.g. monthly, weekly, daily, etc.) are you able to send claims and enrollment data ? | D104: Provide Response | E104: <Select One> | G104: =LEN(F104) -> 0
B105: =B104+1 -> 78 | C105: Which data analytics tools do you have connectivity with (i.e. Innovu, Cedar Gate, Springbuk, etc.)? | D105: Provide Response | E105: <Select One> | G105: =LEN(F105) -> 0
B106: ~ | C106: MHPAEA | G106: =LEN(F106) -> 0
B107: =B105+1 -> 79 | C107: Do you have an internal compliance plan for MHPAEA? If so, what are the key components of this plan? What do you provide to your self-funded clients? | D107: Provide Response | E107: <Select One> | G107: =LEN(F107) -> 0
B108: =B107+1 -> 80 | C108: Have you conducted a comparative analysis of non-quantitative treatment limitations (NQTLs) for mental health/substance use disorder (MH/SUD) benefits versus medical/surgical (M/S) benefits ? Can you provide a summary of this analysis? | D108: Provide Response | E108: <Select One> | G108: =LEN(F108) -> 0
...

Sheet TF 2.0 MED GEO
B1: =INPUT!$C$3 -> Albemarle County
B2: =INPUT!$D$11 -> RFP#<######>
B3: =INPUT!$C$23 -> Medical/Drug
B4: =INPUT!F46 -> Technical Proposal Form 2.0 - Medical Geo Access
B6: MEDICAL GEO ACCESS
B7: BASED ON ALL IN-NETWORK PROVIDERS
B8: This sheet is designed for you to provide data regarding the geographic access you are proposing. Please complete this form and provide a complete GEO ACCESS Report for the defined standards in the RFP. Complete a separate tab for each network you are quoting.
B10: Please provide the unique provider counts within the designated geo-access area for your proposed network. Each provider may only be counted ONE time, regardless of the number of office locations.
B12: Bidder Name | C12: ='Instructions & Info'!$C$59 -> 0
B15: <Enter Proposed Network> | C15: Number of Subscribers | D15: =SUM('Rate History'!$E$20:$E$25,'Rate History'!$E$29:$E$34,'Rate History'!$E$38:$E$43,'Rate History'!$E$47:$E$52) -> 3348 | E15: =INPUT!C3 -> Albemarle County
B16: Provider Type | C16: # of Providers and Distance from Residence | D16: Subscribers Matched | E16: % Match | F16: Subscribers Not Matched | G16: # of Unique Providers | H16: # of Unique Locations
B17: Adult Physicians | C17: 2 in 10 miles | E17: =D17/D$15 -> 0 | F17: =D$15-D17 -> 3348
B18: Pediatricians | C18: 2 in 10 miles | E18: =D18/D$15 -> 0 | F18: =D$15-D18 -> 3348
B19: Obstetricians/Gynecologists | C19: 2 in 10 miles | E19: =D19/D$15 -> 0 | F19: =D$15-D19 -> 3348
B20: Cardiologists | C20: 2 in 10 miles | E20: =D20/D$15 -> 0 | F20: =D$15-D20 -> 3348
B21: Oncologists | C21: 2 in 10 miles | E21: =D21/D$15 -> 0 | F21: =D$15-D21 -> 3348
B22: Neonatologist | C22: 2 in 10 miles | E22: =D22/D$15 -> 0 | F22: =D$15-D22 -> 3348
B23: Neurologists | C23: 2 in 10 miles | E23: =D23/D$15 -> 0 | F23: =D$15-D23 -> 3348
B24: Dermatologists | C24: 2 in 10 miles | E24: =D24/D$15 -> 0 | F24: =D$15-D24 -> 3348
B25: Orthopedists | C25: 2 in 10 miles | E25: =D25/D$15 -> 0 | F25: =D$15-D25 -> 3348
B26: Ophthalmologists | C26: 2 in 10 miles | E26: =D26/D$15 -> 0 | F26: =D$15-D26 -> 3348
B27: Psychiatrists | C27: 2 in 10 miles | E27: =D27/D$15 -> 0 | F27: =D$15-D27 -> 3348
B28: Clinical Psychologists | C28: 2 in 10 miles | E28: =D28/D$15 -> 0 | F28: =D$15-D28 -> 3348
... B33: MHSA Outpatient Facilities | C33: 1 in 15 miles | E33: =D33/D$15 -> 0 | F33: =D$15-D33 -> 3348
B34: Total Provider Turnover Rate - PCPs and SPCs (For Prior CY)
B35: % of Licensed Providers Contracted with Your Network

Sheet TF 3.0 MED by County
B1: =INPUT!$C$3 -> Albemarle County
B2: =INPUT!$D$11 -> RFP#<######>
B3: =INPUT!$C$23 -> Medical/Drug
B4: =INPUT!F47 -> Technical Proposal Form 3.0 - Medical Providers by County
B6: MEDICAL PLAN NETWORK PROVIDERS BY COUNTY
B7: Please list the total number of providers in each County under each specialty. Each provider may only be counted ONE time per County, regardless of the number of offices maintained in that County. Providers can be counted more than once, if they have multiple county locations.
C10: Bidder Name | D10: ='Instructions & Info'!$C$59 -> 0
B13: Provider Type | C13: FP | D13: GP | E13: IM | F13: PED | G13: OB/GYN | H13: SPECIALISTS | I13: HOSPITALS
B14: <Enter Primary Proposed Network>
B15: =INPUT!C113 -> Albemarle, VA
B16: =INPUT!D113 -> Fluvana, VA
B17: =INPUT!E113 -> Greene, VA
B18: =INPUT!F113 -> Orange, VA
B19: =INPUT!G113 -> Waynesboro, VA
B20: =INPUT!H113 -> Nelson, VA
B21: =INPUT!I113 -> Augusta, VA
B22: Provider Turnover Rate
B23: % of Licensed Providers Contracted with Your Network
B26: Key:
B27: FP= FAMILY PRACTICE
B28: GP= GENERAL PRACTICE
B29: IM= INTERNAL MEDICINE
B30: PED= PEDIATRICS
B31: OB/GYN= OBSTETRICS/GYNECOLOGY
B36: Provider Type | C36: FP | D36: GP | E36: IM | F36: PED | G36: OB/GYN | H36: SPECIALISTS | I36: HOSPITALS
B37: <Enter Secondary Proposed Network>
B38: =B15 -> Albemarle, VA
B39: =B16 -> Fluvana, VA
B40: =B17 -> Greene, VA
B41: =B18 -> Orange, VA
B42: =B19 -> Waynesboro, VA
B43: =B20 -> Nelson, VA
B44: =B21 -> Augusta, VA
B45: Provider Turnover Rate
B46: % of Licensed Providers Contracted with Your Network

Sheet TF 4.0 MED Physicians
B1: =INPUT!$C$3 -> Albemarle County
B2: =INPUT!$D$11 -> RFP#<######>
B3: =INPUT!$C$23 -> Medical/Drug
B4: =INPUT!F50 -> Technical Proposal Form 4.0 - Top Non-Facility Providers
B6: Top Professional Providers Utilized - Medical
B7: Indicate whether or not the provider is in your network by placing a "Y" for YES or "N" for NO in the Network column.
B8: Only respond for providers in the network included in this proposal. | I8: Bidder Name | J8: ='Instructions & Info'!$C$59 -> 0
I10: Network Name:
B11: Provider Tax ID | C11: National Provider Identifier (NPI) | D11: Provider Name | E11: Address 1 | F11: City | G11: State | H11: Zip | I11: Filler | J11: In-Network? (Yes/No) | K11: Taking New Patients?
B12: 541124769 | C12: 1184849168 | D12: Abbate Antonio | E12: 1215 Lee St | F12: Charlottesville | G12: VA | H12: 22908
B13: 541124769 | C13: 1184849168 | D13: Abbate Antonio | E13: 500 Ray C Hunt Dr | F13: Charlottesville | G13: VA | H13: 22903
B14: 546001796 | C14: 1184849168 | D14: Abbate Antonio | E14: 1215 Lee St | F14: Charlottesville | G14: VA | H14: 22908
B15: 541124769 | C15: 1164591780 | D15: Abdel-rahman M Emaad | E15: 1300 Jefferson Park Ave | F15: Charlottesville | G15: VA | H15: 22903
B16: 541124769 | C16: 1144319351 | D16: Abernathy Em Rebecca | E16: 1204 W Main St | F16: Charlottesville | G16: VA | H16: 22903
B17: 541124769 | C17: 1144319351 | D17: Abernathy Em Rebecca | E17: 1221 Lee St | F17: Charlottesville | G17: VA | H17: 22903
B18: 546001796 | C18: 1144319351 | D18: Abernathy Em Rebecca | E18: 1215 Lee St | F18: Charlottesvil | G18: VA | H18: 22908
B19: 540568001 | C19: 1124014816 | D19: Abney M Dana | E19: 1 Health Cir | F19: Lexington | G19: VA | H19: 24450
B20: 541124769 | C20: 1194992172 | D20: Aboagye A Evelyn | E20: 1215 Lee St | F20: Charlottesville | G20: VA | H20: 22908
B21: 541124769 | C21: 1194992172 | D21: Aboagye A Evelyn | E21: 375 Four Leaf Ln | F21: Charlottesville | G21: VA | H21: 22903
B22: 202265068 | C22: 1881693927 | D22: Abrahamson M Annika | E22: 535 Westfield Rd | F22: Charlottesville | G22: VA | H22: 22901
B23: 650691102 | C23: 1326517723 | D23: Acs Primary Care Physicians Se Pc | E23: 809 82nd Pkwy | F23: Myrtle Beach | G23: SC | H23: 29572
B24: 541124769 | C24: 1780739250 | D24: Adams C Choi Mei | E24: 1015 Spring Creek Pkwy | F24: Zion Crossroads | G24: VA | H24: 22942
B25: 812704779 | C25: 1265152730 | D25: Adams E Lauren | E25: 4901 Plank Rd | F25: Fredericksburg | G25: VA | H25: 22407
B26: 262559916 | C26: 1265289540 | D26: Adkinson Nicole Jessica | E26: 78 Medical Center Dr | F26: Fishersville | G26: VA | H26: 22939
B27: 541124769 | C27: 1467642298 | D27: Adu-darko A Michelle | E27: 1215 Lee St | F27: Charlottesville | G27: VA | H27: 22908
B28: 752566987 | C28: 1447253687 | D28: Adya, Shweta N | E28: 1 Pennsylvania Plaza | F28: New York | G28: NY | H28: 10119
B29: 540620889 | C29: 1932339595 | D29: Afzal Khushal | E29: 44045 Riverside Pkwy | F29: Leesburg | G29: VA | H29: 20176
... B2281: 261126956 | C2281: 1548764186 | D2281: Zmeter Nada | E2281: 590 Peter Jefferson Pkwy | F2281: Charlottesville | G2281: VA | H2281: 22911
B2282: 541124769 | C2282: 1942952791 | D2282: Zobell M Melanie | E2282: 1204 W Main St | F2282: Charlottesville | G2282: VA | H2282: 22903
B2283: 854036215 | C2283: 1356947345 | D2283: 7 Senses Therapy Center | E2283: 520 Lew Dewitt Blvd | F2283: Waynesboro | G2283: VA | H2283: 22980
B2284: 854036215 | C2284: 1356947345 | D2284: 7 Senses Therapy Center | E2284: 520 Lew Dewitt Blvd | F2284: Waynesboro | G2284: VA | H2284: 22980
B2285: 205657908 | C2285: 1710064811 | D2285: A2cl Services | E2285: 8901 W Lincoln Ave | F2285: West Allis | G2285: WI | H2285: 53227
B2286: 262559916 | C2286: 1497746051 | D2286: Aamodt W Leonard | E2286: 240 Lucy Dr | F2286: Harrisonburg | G2286: VA | H2286: 22801
B2287: 541124769 | C2287: 1366585168 | D2287: Abatzis T Vaia | E2287: 1204 W Main St | F2287: Charlottesville | G2287: VA | H2287: 22903
B2288: 541124769 | C2288: 1366585168 | D2288: Abatzis T Vaia | E2288: 1215 Lee St | F2288: Charlottesville | G2288: VA | H2288: 22908
B2289: 541124769 | C2289: 1366585168 | D2289: Abatzis T Vaia | E2289: 500 Monroe Ln | F2289: Charlottesville | G2289: VA | H2289: 22903
B2290: 541115939 | C2290: 1871944462 | D2290: Abbas Muhammad | E2290: 269 Medical Park Blvd | F2290: Petersburg | G2290: VA | H2290: 23805
B2291: 541124769 | C2291: 1437630597 | D2291: Abbas O Salma | E2291: 1215 Lee St | F2291: Charlottesville | G2291: VA | H2291: 22908
B2292: 541124769 | C2292: 1437630597 | D2292: Abbas O Salma | E2292: 1240 Lee St | F2292: Charlottesville | G2292: VA | H2292: 22908
B2293: 541124769 | C2293: 1437630597 | D2293: Abbas O Salma | E2293: 2965 Ivy Rd | F2293: Charlottesville | G2293: VA | H2293: 22903
B2294: 541124769 | C2294: 1437630597 | D2294: Abbas O Salma | E2294: 415 Ray C Hunt Dr | F2294: Charlottesville | G2294: VA | H2294: 22903
... B11118: 841451963 | C11118: 1770511552 | D11118: Zynex Medical | E11118: 950 Grayson Lane | F11118: Charlottesville | G11118: VA | H11118: 22903

Sheet TF 4.1 MED Facilities
B1: =INPUT!$C$3 -> Albemarle County
B2: =INPUT!$D$11 -> RFP#<######>
B3: =INPUT!$C$23 -> Medical/Drug
B4: =INPUT!F53 -> Technical Proposal Form 4.1 - Top Facility Providers
B6: Top Institutional Providers Utilized - Medical
B7: Indicate whether or not the provider is in your network by placing a "Y" for YES or "N" for NO in the Network column.
B8: Only respond for providers in the network included in this proposal. | I8: Bidder Name | J8: ='Instructions & Info'!$C$59 -> 0
I10: Network Name: | J10: <Enter Proposed Network>
B11: Provider Tax ID | C11: National Provider Identifier (NPI) | D11: Provider Name | E11: Address 1 | F11: City | G11: State | H11: Zip | I11: Filler | J11: In-Network? (Yes/No) | K11: Taking New Patients?
B12: 770631157 | C12: 1366853954 | D12: Addictions Recoverysystems Llc | E12: 103 S Pantops Dr | F12: Charlottesville | G12: VA | H12: 22911
B13: 541735561 | C13: 1376509430 | D13: Advanced Technologies In Home Care | E13: 8149 Walnut Grove Rd | F13: Mechanicsville | G13: VA | H13: 23111
B14: 541735561 | C14: 1376509430 | D14: Advanced Technologies In Home Care | E14: 8751 Park Central Drive, | F14: Richmond | G14: VA | H14: 23227
B15: 590724459 | C15: 1306938071 | D15: Adventhealth East Orlando | E15: 7727 Lake Underhill Rd | F15: Orlando | G15: FL | H15: 32822
B16: 521532556 | C16: 1700177094 | D16: Adventist Healthcare Shady Grove Medical Ctr | E16: 19731 Germantown Rd | F16: Germantown | G16: MD | H16: 20874
B17: 680395149 | C17: 1124018031 | D17: Adventist Health Clear Lake | E17: 15630 18th Ave | F17: Clearlake | G17: CA | H17: 95422
B18: 680395149 | C18: 1124018031 | D18: Adventist Health Clear Lake | E18: 15630 18th Avenue | F18: Clearlake | G18: CA | H18: 95422
B19: 232791808 | C19: 1467448498 | D19: Aiken Regional Medical Center | E19: 302 University Pkwy | F19: Aiken | G19: SC | H19: 29801
B20: 141338307 | C20: 1376577247 | D20: Albany Medical Center Hospital | E20: 43 New Scotland Avenue | F20: Albany | G20: NY | H20: 12208
B21: 862423310 | C21: 1003490277 | D21: Albemarle Care Center | E21: 1540 Founders Place | F21: Charlottesvil | G21: VA | H21: 22902
B22: 464861193 | C22: 1568872356 | D22: All In Solutions Counseling Center | E22: 1710 Corporate Dr | F22: Boynton Beach | G22: FL | H22: 33426
B23: 386000029 | C23: 1386364784 | D23: Alpena Regional Medical Center | E23: 1501 W Chisholm St | F23: Alpena | G23: MI | H23: 49707
... B347: 540505979 | C347: 1619928017 | D347: Winchester Medical Center | E347: 1840 Amherst St | F347: Winchester | G347: VA | H347: 22601

Sheet TF 5.0 MED Plan Design
B1: =INPUT!$C$3 -> Albemarle County
B2: =INPUT!$D$11 -> RFP#<######>
B3: =INPUT!$C$23 -> Medical/Drug
B4: =INPUT!F45 -> Technical Proposal Form 5.0 - Proposed Medical Plan Design
B6: List all plan design deviations as well as any additional deviations not shown on this summary
B8: If you are matching the current benefit, choose "Matched" from the dropdown under the "Response" column, otherwise input the benefit deviation with an explanation under the "Explanation" column.
B10: Plan Designs - Current and Proposed Deviations to administer
E12: Bidder Name | F12: ='Instructions & Info'!$C$59 -> 0
B14: Plan Name | D14: PPO | F14: Proposed Plan Deviations | K14: HDHP | M14: Proposed Plan Deviations | R14: POS | T14: Proposed Plan Deviations | AA14: Proposed Plan Deviations
B15: Funding | D15: Self-Insured | F15: <Select or Enter> | K15: Self-Insured | M15: <Select or Enter> | R15: Self-Insured | T15: <Select or Enter> | Y15: <Select or Enter> | AA15: <Select or Enter>
B16: Provider Network | D16: KeyCare | E16: KeyCare | F16: <Enter Proposed Network> | K16: KeyCare | L16: KeyCare | M16: <Enter Proposed Network> | R16: HealthKeepers | S16: HealthKeepers | T16: <Enter Proposed Network> | AA16: <Enter Proposed Network>
B17: In-Network (IN) / Out-of-Network (OUT) | D17: IN | E17: OUT | F17: IN-NETWORK | H17: OUT-OF-NETWORK | K17: IN | L17: OUT | M17: IN-NETWORK | O17: OUT-OF-NETWORK | R17: IN | S17: OUT | T17: IN-NETWORK | V17: OUT-OF-NETWORK | Y17: IN | Z17: OUT | AA17: IN-NETWORK | AC17: OUT-OF-NETWORK
D18: Calendar Year | F18: RESPONSE | G18: DEVIATION EXPLANATION | H18: RESPONSE | I18: DEVIATION EXPLANATION | K18: Calendar Year | M18: RESPONSE | N18: DEVIATION EXPLANATION | O18: RESPONSE | P18: DEVIATION EXPLANATION | R18: Calendar Year | T18: RESPONSE | U18: DEVIATION EXPLANATION | V18: RESPONSE | W18: DEVIATION EXPLANATION | Y18: Calendar Year | AA18: RESPONSE | AB18: DEVIATION EXPLANATION | AC18: RESPONSE | AD18: DEVIATION EXPLANATION
B19: Annual Deductible
B20: Single | D20: 800 | E20: 1300 | K20: 2700 | L20: 2700 | R20: 1500 | S20: 2500
B21: Family | D21: 1600 | E21: 2600 | K21: 5400 | L21: 5400 | R21: 3000 | S21: 5000
B22: Annual Out-of-Pocket Maximum
B23: Single | D23: 4000 | E23: 4500 | K23: 4300 | L23: 6400 | R23: 4500 | S23: 6000
B24: Family | D24: 8000 | E24: 9000 | K24: 8600 | L24: 12900 | R24: 9000 | S24: 12000
B25: Predominant Coinsurance (%) / Copay ($) (Member)
B26: HRA / HSA Contribution (Single / Family) | D26: N/A | E26: N/A | K26: $1,272 / $2,232 | L26: $1,272 / $2,232 | R26: N/A | S26: N/A
B27: Referral Required | D27: No | E27: No | K27: No | L27: No | R27: No | S27: No
B28: Office Visits
B29: Preventive Care | D29: No Charge | E29: 0.3 | K29: No Charge | L29: 0.2 | R29: No Charge | S29: 0.3
B30: Primary Care Physician (PCP) | D30: 30 | E30: 0.3 | K30: 0.1 | L30: 0.2 | R30: 30 | S30: 0.3
B31: Specialist (SPC) | D31: 45 | E31: 0.3 | K31: 0.1 | L31: 0.2 | R31: 45 | S31: 0.3
B32: Virtual Care (Telehealth) | D32: $30 PCP / $45 SPC | E32: 0.3 | K32: 0.1 | L32: 0.2 | R32: $30 PCP / $45 SPC | S32: 0.3
B33: Diagnostic Services
B34: Lab - Non-Hospital Facility | D34: 0.2 | E34: 0.3 | K34: 0.1 | L34: 0.2 | R34: 0.2 | S34: 0.3
B35: Lab - Hospital | K35: 0.1 | L35: 0.2
B36: X-Ray Non-Hospital Facility | D36: 0.2 | E36: 0.3 | K36: 0.1 | L36: 0.2 | R36: 0.2 | S36: 0.3
B37: X-Ray Hospital | K37: 0.1 | L37: 0.2
B38: Imaging - Non-Hospital Facility | D38: 0.2 | E38: 0.3 | K38: 0.1 | L38: 0.2 | R38: 0.2 | S38: 0.3
B39: Imaging - Hospital
B40: Hospital Services/Urgent Care
B41: Outpatient - Physician | D41: $30 PCP / $45 SPC | E41: 0.3 | K41: 0.1 | L41: 0.2 | R41: $30 PCP / $45 SPC | S41: 0.3
B42: Outpatient - Facility | D42: 0.2 | E42: 0.3 | K42: 0.1 | L42: 0.2 | R42: 0.2 | S42: 0.3
B43: Inpatient - Physician | D43: 0.2 | E43: 0.3 | K43: 0.1 | L43: 0.2 | R43: 0.2 | S43: 0.3
B44: Inpatient - Facility | D44: 300 | E44: 0.3 | K44: 0.1 | L44: 0.2 | R44: 300 | S44: 0.3
B45: Emergency Room - Physician | D45: 0.2 | E45: 0.3 | K45: 0.1 | L45: 0.2 | R45: No Charge | S45: 0.3
B46: Emergency Room - Facility | D46: 0.2 | E46: 0.3 | K46: 0.1 | L46: 0.2 | R46: 0.2 | S46: 0.3
B47: Urgent Care | D47: 75 | E47: 75 | K47: 0.1 | L47: 0.2 | R47: 75 | S47: 0.3
B48: Prior Authorization for Hospital Stays | D48: No | E48: No | K48: No | L48: No | R48: No | S48: No
B49: Ambulance | D49: No Charge | E49: No Charge | K49: 0.1 | L49: 0.2 | R49: No Charge | S49: 0.3
B50: Mental/Behavioral/Substance Abuse
B51: Inpatient - Physician
B52: Inpatient - Facility | D52: 0.2 | E52: 0.3 | K52: 0.1 | L52: 0.2 | R52: 0.2 | S52: 0.3
B53: Outpatient - Physician | K53: 0.1 | L53: 0.2 | S53: 0.3
B54: Outpatient - Facility | D54: 0.2 | E54: 0.3 | K54: 0.1 | L54: 0.2 | R54: 0.2 | S54: 0.3
B55: Maternity Care & Family Planning
B56: Office Visits (pre and post natal) | D56: No Charge | E56: 0.3 | K56: 0.1 | L56: 0.2 | R56: No Charge | S56: 0.3
B57: Delivery and Facility Services | D57: 50 | E57: 0.3 | K57: 0.1 | L57: 0.2 | R57: 50 | S57: 0.3
B58: Artificial & Intrauterine Insemination | D58: N/A | E58: N/A | K58: 0.1 | L58: 0.2 | R58: N/A | S58: 0.3
B59: In Vitro Fertilization | D59: N/A | E59: N/A | K59: 0.1 | L59: 0.2 | R59: N/A | S59: 0.3
B60: Contraceptives | D60: Covered | E60: Covered | K60: 0.1 | L60: 0.2 | R60: Covered | S60: 0.3
B61: Breast Feeding Equipment | D61: 0.2 | E61: 0.3 | K61: 0.1 | L61: 0.2 | R61: 0.2 | S61: 0.3
B62: Women's Sterilization | D62: Covered | E62: Covered | K62: 0.1 | L62: 0.2 | R62: Covered | S62: 0.3
B63: Recovery and Other Special Health Needs
B64: Home Health Care | D64: No Charge | E64: 0.3 | K64: 0.1 | L64: 0.2 | R64: No Charge | S64: 0.3
B65: Rehabilitation Services - Facility | D65: 30 | E65: 0.3 | K65: 0.1 | L65: 0.2 | R65: 30 | S65: 0.3
B66: Skilled Nursing Care | D66: 0.2 | E66: 0.3 | K66: 0.1 | L66: 0.2 | R66: 0.2 | S66: 0.3
B67: Durable Medical Equipment | D67: 0.2 | E67: 0.3 | K67: 0.1 | L67: 0.2 | R67: 0.2 | S67: 0.3
B68: Hospice Services (Inpatient) | D68: No Charge | E68: 0.3 | K68: 0.1 | L68: 0.2 | R68: No Charge | S68: 0.3
B69: Hospice Services (Outpatient) | D69: 0.2 | E69: 0.3 | K69: 0.1 | L69: 0.2 | R69: 0.2 | S69: 0.3
B70: Other Covered Services/Exclusions
B71: Abortion | D71: Covered | E71: Covered | K71: 0.1 | L71: 0.2 | R71: Covered | S71: Covered
B72: Acupuncture | D72: Covered | E72: Covered | K72: 0.1 | L72: 0.2 | R72: Covered | S72: Covered
B73: Bariatric Surgery | D73: Covered | E73: Covered | K73: 0.1 | L73: 0.2 | R73: Covered | S73: Covered
B74: Chiropractic Care | D74: Covered | E74: Covered | K74: 0.1 | L74: 0.2 | R74: Covered | S74: Covered
B75: Hearing Aids | D75: Covered | E75: Covered | K75: 0.1 | L75: 0.2 | R75: Covered | S75: Covered
B76: Infertility Treatment | D76: N/A | E76: N/A | K76: 0.1 | L76: 0.2 | R76: N/A | S76: N/A
B77: Vision Routine Exam | D77: 15 | E77: 30 | K77: 15 | L77: 30 | R77: 15 | S77: 30
B78: Eyeglasses and Contacts | D78: N/A | E78: N/A | K78: 0.1 | L78: 0.2 | R78: N/A | S78: N/A
B79: Cosmetic Surgery | D79: N/A | E79: N/A | K79: 0.1 | L79: 0.2 | R79: N/A | S79: N/A
B80: Adult Dental Care | D80: N/A | E80: N/A | K80: 0.1 | L80: 0.2 | R80: N/A | S80: N/A
B81: Long-term care | D81: N/A | E81: N/A | K81: 0.1 | L81: 0.2 | R81: N/A | S81: N/A
B82: Private-duty Nursing | D82: Covered | E82: Covered | K82: 0.1 | L82: 0.2 | R82: Covered | S82: Covered
B83: Routine Footcare | D83: N/A | E83: N/A | K83: 0.1 | L83: 0.2 | R83: N/A | S83: N/A
B84: Weight loss Programs | D84: N/A | E84: N/A | K84: 0.1 | L84: 0.2 | R84: N/A | S84: N/A
B85: Transplant Services | D85: Covered | E85: Covered | K85: 0.1 | L85: 0.2 | R85: Covered | S85: Covered
B86: Prescription Drug
B87: Annual Rx Deductible
B88: Single | D88: 150 | E88: 150 | K88: None | L88: None | R88: 150 | S88: 150
B89: Family | D89: 300 | E89: 300 | K89: None | L89: None | R89: 300 | S89: 300
B90: Annual Out-of-Pocket Maximum
B91: Single | D91: None | E91: None | K91: None | L91: None | R91: None | S91: None
B92: Family | D92: None | E92: None | K92: None | L92: None | R92: None | S92: None
B93: Preventative | D93: No Charge | K93: No Charge | R93: No Charge
B94: Oral Chemotherapy and Diabetic Supplies | D94: 0.2 | K94: 0.1 | R94: 0.2
B95: Retail | D95: 30-days | E95: 90-days | K95: 30-days | L95: 90-days | R95: 30-days | S95: 90-days | Y95: 30-days | Z95: 90-days
B96: Generic (Tier 1) | D96: 10 | E96: 30 | K96: 10 | L96: N/A | R96: 10 | S96: 30
B97: Preferred Brand (Tier 2) | D97: 40 | E97: 120 | K97: 40 | L97: N/A | R97: 40 | S97: 120
B98: Non-Preferred Brand (Tier 3) | D98: 70 | E98: 210 | K98: 75 | L98: N/A | R98: 70 | S98: 210
B99: Preferred Specialty (Tier 4) | D99: 20% up to $300 | E99: 20% up to $300 | K99: 20% up to $300 | L99: N/A | R99: 20% up to $300 | S99: 20% up to $300
B100: Non-preferred Specialty (Tier 5) | D100: N/A | E100: N/A | K100: N/A | L100: N/A | R100: N/A | S100: N/A
B101: Mail Order | D101: 30-days | E101: 90-days | K101: 30-days | L101: 90-days | R101: 30-days | S101: 90-days | Y101: 30-days | Z101: 90-days
B102: Generic (Tier 1) | D102: N/A | E102: 20 | K102: 10 | L102: 20 | R102: N/A | S102: 20
B103: Preferred Brand (Tier 2) | D103: N/A | E103: 80 | K103: 40 | L103: 80 | R103: N/A | S103: 80
B104: Non-Preferred Brand (Tier 3) | D104: N/A | E104: 140 | K104: 75 | L104: 150 | R104: N/A | S104: 140
B105: Preferred Specialty (Tier 4) | D105: N/A | E105: 20% up to $300 | K105: 20% up to $300 | L105: 20% up to $300 | R105: N/A | S105: 20% up to $300
...

Sheet TF 6.0 Deviations
B1: =INPUT!$C$3 -> Albemarle County
B2: =INPUT!$D$11 -> RFP#<######>
B3: =INPUT!$C$23 -> Medical/Drug
B4: =INPUT!F40 -> Technical Proposal Form 6.0 - Deviations
B7: All deviations to the current plans arrangements, programs, specifications, etc. must be noted on this proposal form.
D9: Bidder Name | E9: ='Instructions & Info'!$C$59 -> 0
B11: Form / Section | C11: Item # | D11: Description | E11: Deviations

Sheet TF 7.0 Key Diff
B1: =INPUT!$C$3 -> Albemarle County
B2: =INPUT!$D$11 -> RFP#<######>
B3: =INPUT!$C$23 -> Medical/Drug
B4: =INPUT!F41 -> Technical Proposal Form 7.0 - Key Differentiators
B6: Please note any capabilities or offerings specific to your organization that are beneficial to your book of business.
B9: Bidder Name | C9: ='Instructions & Info'!$C$59 -> 0
B11: CATEGORY | C11: KEY DIFFERENTIATORS

Sheet TF 8.0 REF
B1: =INPUT!$C$3 -> Albemarle County
B2: =INPUT!$D$11 -> RFP#<######>
B3: =INPUT!$C$23 -> Medical/Drug
B4: =INPUT!F42 -> Technical Proposal Form 8.0 - References
B7: References
B8: Provide three (3) current and one (1) former clients of similar size for whom you provide administration for the benefit plans you are quoting. Provide requested references of similar sized contracts serviced during the past eighteen (18) months.
C10: Bidder Name | D10: ='Instructions & Info'!$C$59 -> 0
B11: Current Client References
B12: 1 | C12: Client Name
B13: a | C13: City / State
B14: b | C14: Contact Name(s)
B15: c | C15: Title
B16: d | C16: Number of Years Since Implementation
B17: e | C17: Number of Covered Lives
B18: f | C18: Contact Email Address
B19: g | C19: Contact Phone Number
B20: h | C20: List Services Provided (applicable to RFP)
B22: =1+B12 -> 2 | C22: Client Name
B23: a | C23: City / State
B24: b | C24: Contact Name(s)
B25: c | C25: Title
B26: d | C26: Number of Years Since Implementation
B27: e | C27: Number of Covered Lives
B28: f | C28: Contact Email Address
B29: g | C29: Contact Phone Number
B30: h | C30: List Services Provided (applicable to RFP)
B32: =1+B22 -> 3 | C32: Client Name
B33: a | C33: City / State
B34: b | C34: Contact Name(s)
B35: c | C35: Title
B36: d | C36: Number of Years Since Implementation
B37: e | C37: Number of Covered Lives
B38: f | C38: Contact Email Address
B39: g | C39: Contact Phone Number
B40: h | C40: List Services Provided (applicable to RFP)
B42: Former Client References
B43: 1 | C43: Client Name
B44: a | C44: City / State
B45: b | C45: Contact Name(s)
B46: c | C46: Title
B47: d | C47: Number of Years Since Termination
B48: e | C48: Number of Covered Lives
B49: f | C49: Contact Email Address
B50: g | C50: Contact Phone Number
B51: h | C51: List Services Provided (applicable to RFP)
B52: i | C52: Reason for Termination
